 Dungeon Sprint DCSS version 0.17-a0-1570-g74b7129 (webtiles) character file.

2442 tt080 the Unseen (level 9, -5/39 HPs)
             Began as a Spriggan Enchanter on July 23, 2015.
             Was an Elder of Sif Muna.
             Shot with an arrow by a centaur warrior (22 damage)
             ... in the Dungeon (Sprint I: "Red Sonja").
             The game lasted 00:03:11 (655 turns).

tt080 the Unseen (Spriggan Enchanter)                Turns: 655, Time: 00:03:11

Health: -5/39      AC:  3    Str:  4    XL:     9   Next: 25%
Magic:  19/24      EV: 27    Int: 20    God:    Sif Muna [****..]
Gold:   718        SH:  0    Dex: 16    Spells: 3 memorised, 22 levels left

rFire  . . .     SeeInvis +     m - +0 dagger (distort)
rCold  . . .     Clarity  .     b - +1 robe
rNeg   . . .     SustAt   .     (shield restricted)
rPois  .         Gourm    .     (helmet restricted)
rElec  .         Spirit   .     (no cloak)
rCorr  .         Warding  .     (gloves unavailable)
rMut   .         NoTele   +     (boots unavailable)
MR     +....                    (no amulet)
Stlth  ++++++++..               (no ring)
                                (no ring)

@: very quick, somewhat resistant to hostile enchantments, extraordinarily
stealthy
A: unfitting armour, see invisible, herbivore 3, speed 3, slow metabolism 2
a: Channel Energy, Forget Spell, Renounce Religion


You were in the Dungeon.
You worshipped Sif Muna.
Sif Muna was greatly pleased with you.
You were not hungry.

You visited 1 branch You collected 718 gold pieces.

Inventory:

Hand weapons
 a - a +1 dagger
 l - a +0 blowgun
 m - a +0 dagger of distortion (weapon)
Missiles
 n - 4 curare-tipped needles
Armour
 b - a +1 robe (worn)
Magical devices
 i - a wand of teleportation (6)
 k - a wand of teleportation (2)
Scrolls
 j - a scroll of blinking
 p - a scroll of amnesia {unknown}
Potions
 e - a potion of curing
 f - a potion of heal wounds
 g - a potion of haste
 h - 2 potions of magic
 o - a potion of lignification {unknown}
Books
 c - a book of Maledictions

   Spells                             Type                      Level
   a - Corona                         Hexes                        1
   b - Ensorcelled Hibernation        Hexes/Ice                    2
   c - Confuse                        Hexes                        3
   d - Tukima's Dance                 Hexes                        3
   e - Dazzling Spray                 Conjuration/Hexes            3
Comestibles
 d - a bread ration


   Skills:
 + Level 8.6 Short Blades
 + Level 11.7 Dodging
 * Level 16.9 Stealth
 + Level 10.2 Spellcasting
 * Level 13.7 Hexes


You had 22 spell levels left.
You knew the following spells:

 Your Spells              Type           Power        Failure   Level  Hunger
a - Corona                Hex            ######.      1%          1    None
b - Ensorcelled Hibernat  Hex/Ice        #####.       1%          2    None
c - Confuse               Hex            ######..     1%          3    None


Dungeon Overview and Level Annotations

Branches:
Dungeon (1/1)

Altars:
Cheibriados
Dithmenos
Elyvilon
Fedhas
Gozag
Kikubaaqudgha
Makhleb
Nemelex Xobeh
Okawaru
Qazlal
Ru
Sif Muna
Trog
Vehumet
Xom
Yredelemnul
Zin
The Shining One
Jiyva

Shops:
D ((

Annotations:
D exclusions: 5 doors and oklob plant


Innate Abilities, Weirdness & Mutations

You are tiny and cannot use many weapons and most armour.
You have supernaturally acute eyesight.
You are a herbivore.
You cover ground extremely quickly.
You need consume almost no food.


Message History

Aim: a centaur warrior, wielding a shortbow and wearing a robe (chance to defeat MR: 48%)
The centaur warrior looks drowsy...
The centaur warrior shouts!
The centaur warrior shoots an arrow.
The arrow barely misses you.
Found a potion of curing, a slice of pizza and 27 gold pieces.
There is an open door here.
The centaur warrior shoots an arrow.
The arrow hits you!!
Ouch! That really hurt!
* * * LOW HITPOINT WARNING * * *
Found 27 gold pieces and a long sword.
You see here an arrow.
Casting: Ensorcelled Hibernation
Confirm with . or Enter, or press ? or * to list all spells.
Aiming: Ensorcelled Hibernation
Press: ? - help, Shift-Dir - straight line, f/p - centaur warrior
Aim: a centaur warrior, wielding a shortbow and wearing a robe (chance to defeat MR: 48%)
The centaur warrior is unaffected.
The centaur warrior shoots an arrow.
The arrow hits you!!
Ouch! That really hurt!
You die...

#.)#####'#####'#__####)..+
#..####..#...#.####§.#####
#..#__####..##(#≈≈§§§#§.#
#..#_..__##'#..'§≈≈.§§.†#
#⌠⌠#_.∩...'..._#≈§§.§#§.#
####_..._##_.#'##§#####+#
#_____###'#.#[...# P+
############.####(### ##
#∩........'c.@'...(.+
###+++'####.÷.#######
##.## #'# !$


P%) #### You could see a centaur warrior and an active ballistomycete.

Vanquished Creatures
  A centaur warrior (D)
  Sonja (D)
  2 kobold demonologists (D)
  A yak (D)
  A slime creature (D)
  Sigmund (D)
  A wasp (D)
  An ogre (D)
  A jelly (D)
  Ijyb (D)
  A giant eyeball (D)
12 creatures vanquished.

Vanquished Creatures (others)
  A gargoyle (D)
  2 giant spores (D)
3 creatures vanquished.

Grand Total: 15 creatures vanquished

Notes
Turn   | Place    | Note
--------------------------------------------------------------
     0 | D        | tt080 the Spriggan Enchanter began the quest for the Orb.
     0 | D        | Reached XP level 1. HP: 9/9 MP: 5/5
     1 | D        | Noticed Ijyb
    16 | D        | Killed Ijyb
    16 | D        | Reached skill level 6 in Stealth
    16 | D        | Reached skill level 5 in Hexes
    16 | D        | Reached XP level 2. HP: 10/13 MP: 6/8
   150 | D        | Learned a level 2 spell: Ensorcelled Hibernation
   151 | D        | Noticed an ogre
   162 | D        | Killed an ogre
   162 | D        | Reached skill level 5 in Dodging
   162 | D        | Reached skill level 8 in Stealth
   162 | D        | Reached skill level 5 in Spellcasting
   162 | D        | Reached XP level 3. HP: 16/16 MP: 2/10
   162 | D        | Reached XP level 4. HP: 21/21 MP: 2/12
   239 | D        | Noticed Sigmund
   242 | D        | Killed Sigmund
   242 | D        | Reached skill level 11 in Stealth
   242 | D        | Reached XP level 5. HP: 24/24 MP: 12/14
   266 | D        | Found a deep blue altar of Sif Muna.
   267 | D        | Noticed a jelly
   268 | D        | Found a radiant altar of Vehumet.
   272 | D        | Killed a jelly
   272 | D        | Reached XP level 6. HP: 28/28 MP: 14/16
   275 | D        | Became a worshipper of Sif Muna the Loreminder
   279 | D        | Found Xapeag's Antique Weapon Emporium.
   279 | D        | Found a white marble altar of Elyvilon.
   279 | D        | Found a stormy altar of Qazlal.
   279 | D        | Found a burning altar of Makhleb.
   279 | D        | Found a sacrificial altar of Ru.
   279 | D        | Found a basalt altar of Yredelemnul.
   279 | D        | Found a glowing golden altar of the Shining One.
   279 | D        | Found a sparkling altar of Nemelex Xobeh.
   279 | D        | Found a shimmering altar of Xom.
   279 | D        | Found an opulent altar of Gozag.
   279 | D        | Found an ancient bone altar of Kikubaaqudgha.
   279 | D        | Found a glowing silver altar of Zin.
   279 | D        | Noticed a yak
   280 | D        | Found an iron altar of Okawaru.
   281 | D        | Killed a yak
   281 | D        | Reached skill level 5 in Short Blades
   281 | D        | Reached skill level 12 in Stealth
   281 | D        | Reached skill level 10 in Hexes
   282 | D        | Found a bloodstained altar of Trog.
   301 | D        | Learned a level 3 spell: Confuse
   325 | D        | Noticed Sonja
   329 | D        | Killed Sonja
   329 | D        | Acquired Sif Muna's first power
   329 | D        | Acquired Sif Muna's second power
   329 | D        | Reached skill level 14 in Stealth
   329 | D        | Reached XP level 7. HP: 32/32 MP: 18/20
   329 | D        | Reached XP level 8. HP: 36/36 MP: 18/21
   348 | D        | Found Wiyviapp's Weapon Boutique.
   377 | D        | Found a viscous altar of Jiyva.
   377 | D        | Found a blossoming altar of Fedhas.
   377 | D        | Noticed a slime creature
   378 | D        | Found a snail-covered altar of Cheibriados.
   378 | D        | Found a shadowy altar of Dithmenos.
   380 | D        | Killed a slime creature
   380 | D        | Reached skill level 10 in Dodging
   393 | D        | Noticed a kobold demonologist
   394 | D        | Noticed a kobold demonologist
   396 | D        | Killed a kobold demonologist
   396 | D        | Reached skill level 15 in Stealth
   398 | D        | Killed a kobold demonologist
   414 | D        | Noticed a centaur warrior
   518 | D        | Killed a centaur warrior
   518 | D        | Acquired Sif Muna's third power
   518 | D        | Reached skill level 16 in Stealth
   518 | D        | Reached skill level 10 in Spellcasting
   518 | D        | Reached XP level 9. HP: 29/39 MP: 20/24
   593 | D        | Killed a gargoyle
   626 | D        | Noticed a wasp
   629 | D        | Killed a wasp
   639 | D        | Noticed an oklob plant
   648 | D        | Noticed a centaur warrior
   655 | D        | Shot with an arrow by a centaur warrior

Vault maps used:
D:        dungeon_sprint_1

Action                   |  1- 3 |  4- 6 |  7- 9 || total
-------------------------+-------+-------+-------++-------
Melee: Dagger            |    13 |     4 |     6 ||    23
 Cast: Ensorcelled Hiber |     3 |       |     4 ||     7
  Use: Potion            |     1 |       |       ||     1
 Stab: Sleeping          |     2 |     4 |     6 ||    12
